 Dungeon Crawl Stone Soup version 0.19.5 (webtiles) character file.

9651 abbott299 the Cleaver (level 11, -5/101 HPs)
             Began as a Minotaur Berserker on Mar 10, 2017.
             Was a High Priest of Trog.
             Slain by an ogre
             ... wielding a +0 giant club
              (21 damage)
             ... while paralysed by an orc sorcerer
             ... on level 1 of the Orcish Mines on Mar 11, 2017.
             The game lasted 00:42:57 (13012 turns).

abbott299 the Cleaver (Minotaur Berserker)         Turns: 13012, Time: 00:42:58

Health: -5/101     AC:  4    Str: 33    XL:     11   Next: 25%
Magic:  10/10      EV:  2    Int:  6    God:    Trog [*****.]
Gold:   404        SH:  0    Dex:  9    Spells: 0 memorised, 10 levels left

rFire  x . .     SeeInvis +     C - +0 hand axe (drain)
rCold  . . .     Gourm    .     F - +0 leather armour "Saad" {rF- Str+5}
rNeg   . . .     Faith    +     (no shield)
rPois  .         Spirit   .     (helmet restricted)
rElec  .         Reflect  .     (no cloak)
rCorr  .         Harm     .     (no gloves)
MR     .....                    (no boots)
Stlth  +.........               H - amulet of faith
                                T - ring of see invisible
                                P - +4 ring of strength

@: paralysed
A: retaliatory headbutt, horns 2
a: Berserk, Trog's Hand, Brothers in Arms, Burn Spellbooks, Renounce Religion


You were on level 1 of the Orcish Mines.
You worshipped Trog.
Trog was extremely pleased with you.
You were not hungry.

You visited 3 branches of the dungeon, and saw 13 of its levels.

You collected 541 gold pieces.
You spent 137 gold pieces at shops.

Inventory:

Hand Weapons
 b - a +0 war axe
 x - a +2 mace of holy wrath
 C - a +0 hand axe of draining (weapon)
Missiles
 h - a tomahawk of dispersal (quivered)
 i - 300 stones
 X - 8 needles of sleeping
 Z - 5 silver tomahawks
Armour
 z - a +3 chain mail of fire resistance
 D - a +2 ring mail of cold resistance
 F - the +0 leather armour "Saad" (worn) {rF- Str+5}
   (You bought it in a shop on level 6 of the Dungeon)

   It affects your strength (+5).
   It makes you vulnerable to fire.
Rods
 V - a +0 lightning rod (10/10)
   (You found it on level 10 of the Dungeon)
Jewellery
 g - an uncursed ring of magical power
 p - an uncursed ring of positive energy
 G - an uncursed ring of teleportation
 H - an amulet of faith (around neck)
 P - a +4 ring of strength (left hand)
 T - a ring of see invisible (right hand)
Wands
 v - a wand of flame (32/48)
 J - a wand of paralysis (7/24)
 K - a wand of random effects (35/48)
 O - a wand of flame (22/48)
 R - a wand of flame (32/48)
 W - a wand of slowing (17/48)
Scrolls
 d - 4 scrolls of teleportation
 f - a scroll of remove curse
 j - 2 scrolls of fear
 m - a scroll of amnesia {unknown}
 r - 2 scrolls of enchant armour
 t - a scroll of magic mapping
 u - 4 scrolls of identify
 B - a scroll of fog {unknown}
 I - a scroll of immolation {unknown}
 M - a scroll of vulnerability {unknown}
 N - 2 scrolls of noise {unknown}
 Y - a scroll of silence {unknown}
Potions
 a - 2 potions of lignification
 e - 3 potions of flight
 l - 4 potions of heal wounds
 n - 5 potions of curing
 q - a potion of haste {unknown}
 s - 3 potions of degeneration {unknown}
 w - a potion of might {unknown}
 Q - a potion of magic {unknown}
 S - 2 potions of brilliance {unknown}
 U - a potion of mutation {unknown}
Comestibles
 c - 6 bread rations
 o - 6 meat rations
 A - 30 fruits
 E - a beef jerky
 L - a royal jelly


   Skills:
 + Level 10.9 Fighting
 + Level 12.0 Axes
 + Level 7.4 Throwing
 - Level 11.4 Armour
 - Level 2.1 Dodging


You had 10 spell levels left.
You didn't know any spells.

Dungeon Overview and Level Annotations

Branches:
Dungeon (11/15)            Temple (0/1) D:5            Lair (1/6) D:9
    Orc (1/2) D:10

Altars:
Elyvilon
Kikubaaqudgha
Ru
Trog
Uskayaw
Xom
Zin
The Shining One

Shops:
D:6 [

Annotations:
D:11 Santreim's ghost, journeyman MiFi


Innate Abilities, Weirdness & Mutations

You reflexively headbutt those who attack you in melee.
You have a pair of horns on your head.


Message History

There is a staircase to the Orcish Mines here.
You climb downwards.
Welcome back to the Orcish Mines!
The ogre shouts!
The orc sorcerer points at you and mumbles some strange words.
You suddenly lose the ability to move!
The ogre hits you with a giant club! The orc hits you but does no damage.
The orc hits you with a club. The orc warrior barely misses you.
The orc shouts!
The orc warrior hits you with a war axe!
The orc barely misses you.
The orc warrior hits you with a trident!!
* * * LOW HITPOINT WARNING * * *
The orc hits you with a club.
* * * LOW HITPOINT WARNING * * *
The ogre completely misses you.
The orc high priest utters an invocation to Beogh.
The orc hits you with a club.
* * * LOW HITPOINT WARNING * * *
The ogre hits you with a giant club!!
You die...

## ##..$ #.##
#.....
...###.....# #
..$..$.$.#
.##.#.......#
......Oo...##
......oO....##.
#oo@o......
#...4ooO......
#....4.....#..
.$........o....
......$........
...>...........
...............
..............#


You could see an orc high priest, 2 orc sorcerers, 2 red devils, 2 orc warriors,
3 ogres and 3 orcs.

Vanquished Creatures
  The ghost of LouisLevi the Protected, a novice GrGl of Hepliaklqana (D:9)
  A hill giant (D:10)
  Pikel (D:3)
  An ugly thing (D:10)
  2 komodo dragons
  2 trolls (D:10)
  A two-headed ogre (D:10)
  2 hippogriffs
  A wyvern (D:9)
  11 yaks
  A steam dragon (D:9)
  Grum (D:8)
  2 hungry ghosts
  A water moccasin (D:7)
  A swamp drake (D:9)
  An orc warrior (D:10)
  A sky beast (D:10)
  2 slaves
  A hornet zombie (D:8)
  3 ice beasts
  A phantom (D:8)
  6 wolves
  2 ogres
  A centaur (D:9)
  3 crocodiles (D:9)
  A big kobold (D:9)
  6 bullfrogs
  2 gnoll sergeants
  A wyvern zombie (D:7)
  2 scorpions
  A wight (D:10)
  2 crimson imps
  4 hounds
  3 jellies
  2 quasits
  4 orc priests
  A gnoll shaman (D:7)
  Natasha (thrice) (D:4)
  7 iguanas
  6 orc wizards
  11 worker ants
  A killer bee zombie (D:5)
  2 worker ant zombies
  Robin (D:2)
  12 adders
  11 gnolls
  4 shadow imps
  2 oozes
  2 adder skeletons
  A worm (D:4)
  A dart slug (D:3)
  7 leopard geckos
  29 orcs
  5 giant cockroaches
  13 goblins
  12 hobgoblins
  6 jackals
  8 kobolds
  7 quokkas
  2 ball pythons
  A ball python skeleton (D:4)
  8 bats
  6 frilled lizards
  A jackal zombie (D:6)
  2 leopard gecko zombies
  A quokka skeleton (D:5)
  9 rats
  A plant (D:2)
261 creatures vanquished.

Vanquished Creatures (others)
  A wizard (D:3)
  A human (D:2)
2 creatures vanquished.

Grand Total: 263 creatures vanquished

Notes
Turn   | Place    | Note
-------+----------+-------------------------------------------
     0 | D:1      | abbott299 the Minotaur Berserker began the quest for the Orb.
     0 | D:1      | Reached XP level 1. HP: 19/19 MP: 0/0
   167 | D:1      | Reached skill level 4 in Axes
   205 | D:1      | Reached XP level 2. HP: 21/26 MP: 1/1
   880 | D:1      | Reached skill level 5 in Axes
   913 | D:1      | Reached XP level 3. HP: 29/31 MP: 2/2
  1194 | D:2      | Reached ** piety under Trog
  1251 | D:2      | Noticed Robin
  1253 | D:2      | Killed Robin
  1253 | D:2      | Reached XP level 4. HP: 27/39 MP: 3/3
  1257 | D:2      | Reached skill level 6 in Axes
  1681 | D:2      | Found a glowing golden altar of the Shining One.
  1681 | D:2      | Found a white marble altar of Elyvilon.
  1898 | D:2      | Found an ancient bone altar of Kikubaaqudgha.
  1900 | D:2      | Noticed a human
  1902 | D:2      | Killed a human
  2237 | D:3      | Found a bloodstained altar of Trog.
  2238 | D:3      | Noticed a wizard
  2244 | D:3      | Killed a wizard
  2692 | D:3      | Reached XP level 5. HP: 42/45 MP: 4/4
  2821 | D:3      | Reached *** piety under Trog
  3124 | D:4      | Reached skill level 7 in Axes
  3169 | D:4      | Noticed a slave
  3170 | D:4      | Noticed a slave
  3171 | D:4      | Noticed Pikel
  3172 | D:4      | Noticed a slave
  3172 | D:4      | Noticed a slave
  3219 | D:4      | Noticed Natasha
  3296 | D:4      | Killed Natasha
  3346 | D:4      | Reached XP level 6. HP: 37/51 MP: 5/5
  3431 | D:4      | Noticed Natasha
  3435 | D:4      | Killed Natasha
  3457 | D:4      | Noticed Natasha
  3461 | D:4      | Killed Natasha
  3465 | D:5      | Entered Level 5 of the Dungeon
  3558 | D:4      | Killed a slave
  3593 | D:3      | Killed a slave
  3785 | D:3      | Killed Pikel
  3785 | D:3      | Reached skill level 9 in Axes
  3785 | D:3      | Reached XP level 7. HP: 57/57 MP: 6/6
  4288 | D:5      | Found a sacrificial altar of Ru.
  4366 | D:5      | Found a staircase to the Ecumenical Temple.
  4475 | D:5      | Reached XP level 8. HP: 45/64 MP: 7/7
  4723 | D:5      | Found a glowing silver altar of Zin.
  4993 | D:5      | Reached **** piety under Trog
  5389 | D:5      | Reached skill level 10 in Axes
  5675 | D:6      | Found a hide-covered altar of Uskayaw.
  6385 | D:6      | Found Dische Refao's Armour Boutique.
  6390 | D:6      | Bought the +0 leather armour "Saad" {rF- Str+5} for 137 gold pieces
  6577 | D:7      | Noticed a hippogriff
  6587 | D:7      | Killed a hippogriff
  6955 | D:7      | Reached skill level 5 in Fighting
  7203 | D:7      | Reached XP level 9. HP: 50/74 MP: 8/8
  7886 | D:8      | Reached skill level 1 in Throwing
  7920 | D:8      | Found a shimmering altar of Xom.
  7952 | D:8      | Reached skill level 10 in Armour
  8067 | D:8      | Reached ***** piety under Trog
  8446 | D:8      | Noticed Grum
  8455 | D:8      | Killed Grum
  9050 | D:9      | Noticed LouisLevi's ghost (novice GrGl)
  9075 | D:9      | Killed LouisLevi's ghost
  9075 | D:9      | Reached XP level 10. HP: 47/90 MP: 9/9
  9517 | D:10     | Entered Level 10 of the Dungeon
  9963 | D:9      | Reached skill level 5 in Throwing
 10307 | D:9      | Found a staircase to the Lair.
 10344 | D:9      | Received a gift from Trog
 11188 | D:10     | Noticed a red ugly thing
 11199 | D:10     | Killed a red ugly thing
 11199 | D:10     | Reached skill level 11 in Axes
 11484 | D:10     | Reached skill level 10 in Fighting
 11522 | D:10     | Noticed a hill giant
 11627 | D:10     | Killed a hill giant
 11781 | D:10     | Received a gift from Trog
 11840 | D:10     | Reached XP level 11. HP: 65/101 MP: 10/10
 12272 | D:10     | Found a staircase to the Orcish Mines.
 12315 | D:11     | Noticed Santreim's ghost (journeyman MiFi)
 12393 | D:10     | Received a gift from Trog
 12447 | Orc:1    | Entered Level 1 of the Orcish Mines
 12447 | Orc:1    | Noticed an orc high priest
 12447 | Orc:1    | Noticed an orc sorcerer
 12449 | Orc:1    | Noticed an orc sorcerer
 12836 | Lair:1   | Entered Level 1 of the Lair of Beasts
 12915 | Lair:1   | Reached skill level 12 in Axes
 13010 | Orc:1    | Paralysed by an orc sorcerer for 4 turns
 13012 | Orc:1    | Slain by an ogre

Skill      XL: |  1  2  3  4  5  6  7  8  9 10 11 |
---------------+----------------------------------+-----
Axes           | 4 5 6 7 9 10 11 12 | 12.0
Armour         | 3 4 6 7 9 11 | 11.4
Fighting       | 5 8 10 | 10.9
Throwing       | 4 6 7 |  7.4
Dodging        | |  2.1

Action                   |  1- 3 |  4- 6 |  7- 9 | 10-12 || total
-------------------------+-------+-------+-------+-------++-------
Melee: Hand axe          |    71 |   188 |   246 |   213 ||   718
       Headbutt          |    11 |    27 |    59 |    54 ||   151
       War axe           |       |       |    77 |       ||    77
Throw: Tomahawk          |     3 |       |       |     5 ||     8
       Stone             |       |    55 |    41 |    10 ||   106
Invok: Berserk           |     1 |     2 |     7 |     5 ||    15
Evoke: Wand              |       |       |     7 |     2 ||     9
  Use: Scroll            |       |       |     3 |    10 ||    13
 Stab: Sleeping          |     1 |     1 |       |       ||     2
  Eat: Chunk             |     1 |     9 |    24 |     9 ||    43
       Pizza             |       |       |     1 |       ||     1
       Meat ration       |       |       |       |     1 ||     1
       Bread ration      |       |       |       |     1 ||     1
Armor: Animal skin       |     9 |     5 |       |       ||    14
       Scale mail        |       |    44 |    21 |       ||    65
       Chain mail        |       |       |    45 |       ||    45
       Leather armour    |       |       |    37 |    20 ||    57
Dodge: Dodged            |    40 |    65 |   152 |    97 ||   354
